 Dungeon Crawl Stone Soup version 0.28.0-43-g3370ac3207 (webtiles) character file.

Game seed: 7817880514300331612

4029 Icepheonix32 the Grappler (level 10, -1/64 (71) HPs)
             Began as a Pale Draconian Transmuter on Mar 9, 2022.
             Was an Initiate of Yredelemnul.
             Slain by a tengu warrior
             ... wielding a +1 great mace of draining
              (3 damage)
             ... on level 9 of the Dungeon.
             The game lasted 00:18:31 (11544 turns).

Icepheonix32 the Grappler (DrTm)                   Turns: 11544, Time: 00:18:32

HP:   -1/64 (71)    AC:  2    Str: 13    XL:     10   Next: 4%
MP:   11/13         EV: 20    Int: 17    God:    Yredelemnul [......]
Gold: 561           SH:  0    Dex: 23    Spells: 3/13 levels left

rFire   + . .      SeeInvis .     - Unarmed
rCold   . . .      Faith    .   (shield currently unavailable)
rNeg    . . .      Spirit   .   (armour unavailable)
rPois   x          Reflect  .   (helmet currently unavailable)
rElec   .          Harm     .   (cloak currently unavailable)
rCorr   .          Rampage  .   (gloves currently unavailable)
Will    .....                   (boots currently unavailable)
Stlth   ++........              d - amulet of magic regeneration
HPRegen 0.20/turn               s - ring of protection from fire
MPRegen 0.53/turn               p - +6 ring of dexterity

@: spider-form, drained
A: venomous fangs, (breathe steam), AC +7, tiny, unfitting armour,
(cold-blooded), (steam resistance)
a: End Transformation, Renounce Religion, Recall Undead Harvest


You were on level 9 of the Dungeon.
You worshipped Yredelemnul.
Yredelemnul was noncommittal.
You were a venomous arachnid creature.
You visited 2 branches of the dungeon, and saw 10 of its levels.
You also visited: Ossuary.

You collected 561 gold pieces.

Inventory:

Hand Weapons
 i - a +2 vorpal shortbow
 t - the +5 quarterstaff of Righteous Fury {vorpal, rF+ Stlth+}
   (You found it on level 7 of the Dungeon)

   It inflicts extra damage upon your enemies.
   rF:        It protects you from fire.
   Stlth:     It makes you more stealthy.
Missiles
 r - 118 arrows
 v - a throwing net
Armour
 o - a +0 cloak (melded)
Jewellery
 b - a ring of ice
 d - an amulet of magic regeneration (around neck)
 p - a +6 ring of dexterity (right front leg)
 s - a ring of protection from fire (left front leg)
Wands
 u - a wand of acid (7)
Scrolls
 a - a scroll of immolation {unknown}
 c - 4 scrolls of blinking
 j - 2 scrolls of amnesia
 k - 3 scrolls of fear
 l - 2 scrolls of teleportation
 w - 2 scrolls of silence
 y - a scroll of torment
 z - a scroll of fog
Potions
 e - 2 potions of heal wounds
 f - 2 potions of lignification
 g - 3 potions of attraction
 h - 2 potions of brilliance {unknown}
 m - 5 potions of curing {unknown}
 n - 2 potions of invisibility
 q - 3 potions of berserk rage
 x - a potion of flight


   Skills:
 - Level 1.1 Fighting
 * Level 1.9 Dodging
 + Level 10.8 Unarmed Combat
 - Level 2.0 Spellcasting
 * Level 10.0 Transmutations
 + Level 2.1 Ice Magic
 + Level 0.5 Poison Magic


You had 3 spell levels left.
You knew the following spells:

 Your Spells              Type           Power      Damage    Failure   Level
a - Beastly Appendage     Tmut           70%        N/A       2%          1
b - Wereblood             Tmut           35%        N/A       3%          2
c - Spider Form           Tmut/Pois      19%        N/A       19%         3
d - Ice Form              Ice/Tmut       22%        N/A       34%         4

Your spell library contained the following spells:

 Spells                   Type           Power      Damage    Failure   Level
 Passwall                 Tmut/Erth      15%        N/A       12%         2
 Animate Skeleton         Necr           2%         N/A       38%         1
 Foxfire                  Conj/Fire      4%         2x1d4     38%         1
 Pain                     Necr           4%         1d4       38%         1
 Sandblast                Erth           2%         2d4       38%         1
 Sublimation of Blood     Necr           1%         N/A       50%         2
 Conjure Flame            Conj/Fire      1%         6-21      71%         3
 Dazzling Flash           Conj/Hex       2%         N/A       71%         3
 Inner Flame              Hex/Fire       1%         N/A       71%         3
 Stone Arrow              Conj/Erth      2%         3d7       71%         3
 Vampiric Draining        Necr           1%         2d6       71%         3
 Blade Hands              Tmut           17%        N/A       22%         5
 Irradiate                Conj/Tmut      9%         3d16      77%         5
 Flame Wave               Conj/Fire      1%         2d4       96%         4
 Iskenderun's Mystic Bla  Conj/Tloc      1%         2d3       96%         4
 Dragon Form              Tmut           17%        N/A       99%         7
 Agony                    Necr           1%         N/A       100%        5
 Excruciating Wounds      Necr           0%         N/A       100%        5
 Starburst                Conj/Fire      0%         6d3       100%        6
 Summon Hydra             Summ           0%         N/A       100%        7


Dungeon Overview and Level Annotations

Branches:
Dungeon (9/15)             Temple (1/1) D:6         Ossuary (visited)
   Lair: D:8-11         Orc: D:9-12

Altars:
Ashenzari
Cheibriados
Dithmenos
Elyvilon
Fedhas
Gozag
Hepliaklqana
Kikubaaqudgha
Makhleb
Nemelex Xobeh
Okawaru
Qazlal
Ru
Sif Muna
Trog
Uskayaw
Vehumet
Wu Jian
Xom
Yredelemnul
Zin
The Shining One

Annotations:
D:6 3 runed translucent doors, Jingleheimer's ghost, novice DrEn
D:7 2 transporters, exclusion: 2 oklob plants, Jenx's ghost, novice TrCA


Innate Abilities, Weirdness & Mutations

You are a venomous arachnid creature.
You have poisonous fangs.
You are tiny and dextrous.
Your spellcasting is less reliable in this form.
Your armour is entirely melded.
You are incapable of wielding weapons or throwing items.
((You can breathe blasts of scalding, opaque steam.))
((Your pale cyan-grey scales are hard. (AC +7)))
You cannot fit into any form of body armour.
((You are cold-blooded and may be slowed by cold attacks.))
((You are immune to the effects of steam.))


Message History

You pummel the killer bee!! You freeze the killer bee.
You kill the killer bee!
Unknown command.
The killer bee stings you but does no damage.
You hit the tengu warrior. You freeze the tengu warrior.
The tengu warrior is lightly wounded.
The tengu warrior hits you with a +1 great mace of draining!
You feel drained.
The tengu warrior pecks you but does no damage.
The tengu warrior claws you but does no damage.
The killer bee stings you but does no damage.
You punch the tengu warrior! You freeze the tengu warrior.
The tengu warrior is moderately wounded.
The killer bee completely misses you.
You barely miss the tengu warrior.
The tengu warrior is moderately wounded.
The killer bee stings you.
The tengu warrior hits you with a +1 great mace of draining!
You feel drained.
The tengu warrior pecks you but does no damage.
The tengu warrior closely misses you. The killer bee stings you!
You warm up again.
Your +0 cloak unmelds from your body.
Casting: Ice Form (dangerous; 16% risk of failure)
Confirm with . or Enter, or press ? or * to list all spells.
You turn into a venomous arachnid creature.
Your +0 cloak melds into your body.
The killer bee stings you.
Unknown command.
You bite the tengu warrior!
The tengu warrior is heavily wounded.
The killer bee completely misses you.
The tengu warrior hits you with a +1 great mace of draining!
* * * LOW HITPOINT WARNING * * *
You feel drained.
* * * LOW HITPOINT WARNING * * *
The tengu warrior pecks you.
* * * LOW HITPOINT WARNING * * *
The tengu warrior claws you.
You die...
Your body rises from the dead as a mindless zombie.

#..... #....#
#....# #....
#...# ##...#
+....+ #.yQ.#
#..s.# #..(.#
#....# ##...#
..####...#
.........#
#######
.........#
#.....##
..#####'##
#....<.# +
#...##..####..#
#......#


You could see a tengu warrior and a killer bee.

Vanquished Creatures
  A cyclops (D:8)
  Grinder (D:3)
  Sigmund (D:6)
  A wraith (D:9)
  4 yaks (D:8)
  An acid dragon (D:8)
  A water moccasin (D:8)
  An ice beast (D:6)
  A black bear (D:8)
  A sky beast (D:6)
  An orc warrior (D:8)
  A necrophage (D:3)
  An ogre (D:7)
  3 centaurs
  A phantom (D:5)
  2 scorpions
  A bullfrog (D:7)
  A wyvern zombie (D:8)
  A water moccasin skeleton (D:7)
  2 killer bees (D:9)
  2 jellies
  4 howler monkeys
  A bullfrog zombie (D:6)
  2 centaur zombies
  3 hounds
  Crazy Yiuf (D:3)
  2 orc priests (D:3)
  A centaur skeleton (D:7)
  2 scorpion zombies (D:5)
  An iguana (D:4)
  An orc wizard (D:8)
  A killer bee zombie (D:8)
  4 mummies (Ossuary)
  Robin (D:3)
  5 adders
  2 shadow imps
  An ufetubus (D:4)
  2 adder zombies
  A worm (D:5)
  3 dart slugs
  14 orcs
  2 bats
  6 endoplasms
  2 giant cockroaches
  18 goblins
  7 hobgoblins
  9 kobolds
  5 quokkas
  6 ball pythons
  5 frilled lizards
  2 gnoll zombies (Ossuary)
  2 hobgoblin zombies (Ossuary)
  A jackal zombie (Ossuary)
  3 kobold zombies
  2 orc zombies (Ossuary)
  11 rats
  2 rat zombies (Ossuary)
164 creatures vanquished.

Vanquished Creatures (collateral kills)
  2 yaks (D:8)
  A yak zombie (D:8)
  An orc priest (D:8)
  A black bear zombie (D:8)
  2 orc wizards (D:8)
  An orc (D:8)
8 creatures vanquished.

Vanquished Creatures (others)
  A yak zombie (D:8)
  2 howler monkey zombies (D:8)
  A ball python (D:3)
  An endoplasm (D:3)
  2 orc zombies (D:8)
7 creatures vanquished.

Grand Total: 179 creatures vanquished

Notes
Turn   | Place    | Note
-------+----------+-------------------------------------------
     0 | D:1      | Icepheonix32 the Draconian Transmuter began the quest for
                  | the Orb.
     0 | D:1      | Reached XP level 1. HP: 16/16 MP: 3/3
   262 | D:1      | Reached XP level 2. HP: 23/23 MP: 3/5
  1515 | D:2      | Reached XP level 3. HP: 20/28 MP: 4/6
  1960 | D:2      | You fall into a shaft and drop 1 floor!
  2131 | D:3      | Reached XP level 4. HP: 35/35 MP: 5/7
  2423 | D:2      | Found a faded altar of an unknown god.
  2903 | D:2      | Learned a level 2 spell: Wereblood
  2907 | D:2      | Learned a level 3 spell: Spider Form
  2951 | D:3      | Noticed Robin
  2963 | D:3      | Killed Robin
  3066 | D:3      | Noticed a necrophage
  3074 | D:3      | Killed a necrophage
  3075 | D:3      | Reached XP level 5. HP: 27/40 MP: 8/8
  3376 | D:3      | Found a runed translucent door.
  3377 | D:3      | Noticed Crazy Yiuf
  3541 | D:3      | Noticed Grinder
  3552 | D:3      | Killed Grinder
  3553 | D:3      | Reached skill level 5 in Unarmed Combat
  3553 | D:3      | Reached skill level 5 in Transmutations
  3553 | D:3      | Reached XP level 6. HP: 40/47 MP: 9/9
  3984 | D:3      | Killed Crazy Yiuf
  4194 | D:4      | Found a white marble altar of Elyvilon.
  4292 | D:4      | Your scales start taking on a pale cyan-grey colour.
  4292 | D:4      | Reached XP level 7. HP: 51/52 MP: 10/10
  4292 | D:4      | Gained mutation: You are immune to the effects of steam.
                  | [Pale Draconian growth]
  4654 | D:5      | Entered Level 5 of the Dungeon
  4826 | D:5      | Learned a level 4 spell: Ice Form
  5846 | D:6      | Found a runed translucent gate.
  5847 | D:6      | Found a runed translucent gate.
  5848 | D:6      | Found a runed translucent gate.
  5850 | D:6      | Noticed Jingleheimer's ghost (novice DrEn)
  5872 | D:6      | HP: 2/52 [acid (7)]
  6387 | D:6      | Reached XP level 8. HP: 34/59 MP: 11/11
  6551 | D:6      | Found an iron altar of Okawaru.
  6792 | D:6      | Found a staircase to the Ecumenical Temple.
  7459 | D:6      | Noticed Sigmund
  7477 | D:6      | Killed Sigmund
  7805 | D:7      | Identified a scroll of acquirement
  7805 | D:7      | Acquired a book of Transfigurations
  7899 | D:7      | Found a transporter.
  7899 | D:7      | Noticed an oklob plant
  7923 | D:7      | Identified the +5 quarterstaff of Righteous Fury {vorpal,
                  | rF+ Stlth+}
  7946 | D:7      | Found a transporter.
  8025 | D:7      | Reached skill level 1 in Ice Magic
  8088 | D:7      | Found a sand-covered staircase.
  8114 | Ossuary  | Entered an ossuary
  8414 | D:7      | Noticed an oklob plant
  8455 | D:7      | Noticed Jenx's ghost (novice TrCA)
  8481 | D:7      | Noticed a kobold demonologist
  9308 | Temple   | Entered the Ecumenical Temple
  9781 | Temple   | Became a worshipper of Yredelemnul the Dark
  9929 | D:8      | Noticed a cyclops
  9950 | D:8      | Killed a cyclops
  9951 | D:8      | Reached XP level 9. HP: 59/64 MP: 12/12
 10001 | D:8      | Reached * piety under Yredelemnul
 10208 | D:8      | Reached skill level 10 in Unarmed Combat
 10854 | D:8      | Reached ** piety under Yredelemnul
 11490 | D:9      | Reached skill level 10 in Transmutations
 11490 | D:9      | Reached XP level 10. HP: 71/71 MP: 10/13
 11533 | D:9      | Noticed a tengu warrior
 11544 | D:9      | HP: 2/64 [tengu warrior/+1 great mace of draining (5)]
 11544 | D:9      | Slain by a tengu warrior

Illustrated notes

Levels and vault maps discovered:
D:1:      psy_arrival_heroes, layout_loops_ring
D:2:      layout_basic, ebering_ecumenical_altar_mist
D:3:      minmay_angry_zag, layout_loops_ring, lemuel_flame_loot_1, uniq_robin,
          uniq_grinder, uniq_crazy_yiuf_cottage
D:4:      layout_rooms, mainiacjoe_overflow_concentric_impassable
D:5:      layout_loops_corners
D:6:      layout_basic, mainiacjoe_overflow_paths, temple_doors_e,
          ebering_ghost_rock_garden, uniq_sigmund
D:7:      layout_basic, enter_ossuary_3, nzn_ghost_randoct, grunt_ogre_cave
D:8:      layout_loops_cross
D:9:      kennysheep_seaside_town, layout_gridville, minivault_16
Temple:   mainiacjoe_temple_big_plus

Skill      XL: |  1  2  3  4  5  6  7  8  9 |
---------------+----------------------------+-----
Transmutations | 3 4 5 7 8 10 | 10.0
Unarmed Combat | 4 5 7 9 10 | 10.8
Ice Magic      | 2 |  2.1
Fighting       | |  1.1
Dodging        | |  1.9
Spellcasting   | |  2.0
Poison Magic   | |  0.5

Action                   |  1- 3 |  4- 6 |  7- 9 | 10-12 || total
-------------------------+-------+-------+-------+-------++-------
Melee: Unarmed           |   114 |   115 |   260 |     8 ||   497
       Kick              |    17 |    30 |    66 |       ||   113
       Headbutt          |    14 |    22 |    50 |       ||    86
       Tailslap          |     7 |    14 |    44 |       ||    65
       Punch             |     2 |     4 |    12 |       ||    18
       Dagger            |       |       |    29 |       ||    29
 Cast: Beastly Appendage |    29 |    22 |    29 |       ||    80
       Wereblood         |       |     1 |     4 |       ||     5
       Spider Form       |       |       |     2 |     1 ||     3
       Ice Form          |       |       |     1 |       ||     1
 Abil: Breathe Steam     |       |       |     5 |       ||     5
Evoke: Wand              |       |       |     1 |       ||     1
  Use: Potion            |       |     2 |     3 |       ||     5
       Scroll            |       |       |    16 |       ||    16
 Stab: Distracted        |       |       |     1 |       ||     1
       Sleeping          |       |       |     1 |       ||     1
Armor: Skin              |    31 |    22 |    83 |     7 ||   143
Dodge: Dodged            |    67 |    78 |   174 |     5 ||   324
